 Dungeon Crawl Stone Soup version 0.18.1-48-g4cf74bf (webtiles) character file.

190 Heedrag the Conjurer (level 5, -1/35 HPs)
             Began as a Demonspawn Fire Elementalist on July 31, 2016.
             Slain by an orc
             ... wielding a +0 short sword
              (5 damage)
             ... on level 3 of the Dungeon.
             The game lasted 00:08:19 (2399 turns).

Heedrag the Conjurer (Demonspawn Fire Elementalist) Turns: 2399, Time: 00:08:19

Health: -1/35      AC:  2    Str:  8    XL:     5   Next: 41%
Magic:  0/9        EV: 12    Int: 18    God:
Gold:   79         SH:  0    Dex: 13    Spells: 2 memorised, 6 levels left

rFire  . . .     SeeInvis .     q - +0 dagger
rCold  . . .     Gourm    .     a - +0 robe
rNeg   . . .     Faith    .     (no shield)
rPois  .         Spirit   .     (no helmet)
rElec  .         Dismiss  .     (no cloak)
rCorr  .         Reflect  .     (no gloves)
SustAt .         Harm     .     (no boots)
MR     .....                    (no amulet)
Stlth  ++........               (no ring)
                                (no ring)

@: not resistant to hostile enchantments, unstealthy
A: demonic guardian 1, sturdy frame 1
a: no special abilities


You were on level 3 of the Dungeon.
You were not hungry.

You visited 1 branch of the dungeon, and saw 3 of its levels.

You collected 79 gold pieces.

Inventory:

Hand Weapons
 q - a +0 dagger (weapon)
Armour
 a - a +0 robe (worn)
Jewellery
 e - an uncursed ring of protection from cold {unknown}
Wands
 v - a wand of lightning (12/15)
Scrolls
 d - 2 scrolls of remove curse {unknown}
 i - 3 scrolls of enchant armour {unknown}
 k - a scroll of noise {unknown}
 m - a scroll of fear {unknown}
 r - 2 scrolls of enchant weapon {unknown}
 u - a scroll of amnesia {unknown}
 x - a scroll of magic mapping {unknown}
 y - a scroll of identify {unknown}
Potions
 g - a potion of degeneration {unknown}
 h - a potion of flight {unknown}
 j - 2 potions of ambrosia {unknown}
 l - a potion of mutation {unknown}
 n - 3 potions of brilliance {unknown}
 o - a potion of invisibility {unknown}
 p - a potion of lignification {unknown}
 s - a potion of agility {unknown}
 t - 2 potions of might {unknown}
 w - 2 potions of heal wounds {unknown}
Books
 b - a book of Flames

   Spells                             Type                      Level
   a - Flame Tongue                   Conjuration/Fire             1
   b - Throw Flame                    Conjuration/Fire             2
   c - Conjure Flame                  Conjuration/Fire             3
   d - Inner Flame                    Hexes/Fire                   3
   e - Sticky Flame                   Conjuration/Fire             4
   f - Fireball                       Conjuration/Fire             5
Comestibles
 c - 2 bread rations
 f - 3 chunks of flesh


   Skills:
 - Level 1.7 Dodging
 - Level 1.7 Stealth
 + Level 3.2 Spellcasting
 * Level 4.5 Conjurations
 - Level 2.6 Fire Magic


You had 6 spell levels left.
You knew the following spells:

 Your Spells              Type           Power        Failure   Level  Hunger
a - Flame Tongue          Conj/Fire      ###..        4%          1    None
b - Conjure Flame         Conj/Fire      ###.....     14%         3    ###....


Dungeon Overview and Level Annotations

Branches:
Dungeon (3/15)

Altars:
Ru


Innate Abilities, Weirdness & Mutations

A weak demonic guardian rushes to your aid.
Your movements are slightly less encumbered by armour (ER -2).


Message History

* * * LOW HITPOINT WARNIN'
* * * Somethin' hits ye.
* * * LOW HITPOINT WARNIN'
* * * Castin': Flame Tongue Confirm wit' . or Enter, or press ? or * ta list all spells.
Aimin': Flame Tongue
Press: ? - help, Shift-Dir - straight line, f/p - orc
Aim: an orc, wieldin' a short sword an' wearin' a rin' mail (severely wounded) Tha flame tongue misses tha orc.
Tha orc hits ye wit' a short sword.
* * * LOW HITPOINT WARNIN'
* * * Somethin' hits ye.
* * * LOW HITPOINT WARNIN'
* * * Castin': Flame Tongue Confirm wit' . or Enter, or press ? or * ta list all spells.
Ye dinnae haf enough magic ta cast tha spell.
Unknown command.
Ye hit tha orc but do nay damage.
Tha orc be severely wounded.
Tha orc hits ye wit' a short sword.
Ye die...

#..........# ##....#......###
#.....##...####.#......#####.
#.....##....##....#.....###..
#.....##.......#.##..........
#<....##...#.....##..........
########...#...####..........
### ####...###.)..##.#####
.....###.#..#..##.....#
......).o@....###.##..###
........)##.......)#....#
.....#######.......###..#
.... #.......# #### ...
#.......# .. ######### #


You could see an orc.

Vanquished Creatures
  Jessica (D:2)
  An iguana (D:3)
  2 gnolls (D:2)
  2 adders (D:2)
  2 oozes
  8 worms
  3 dart slugs
  4 orcs (D:3)
  A ball python (D:2)
  7 bats
  3 giant cockroaches
  2 goblins
  8 hobgoblins
  3 jackals (D:1)
  4 kobolds
  A quokka (D:2)
  3 giant newts
  9 rats
64 creatures vanquished.

Notes
Turn   | Place    | Note
--------------------------------------------------------------
     0 | D:1      | Heedrag the Demonspawn Fire Elementalist began the quest for the Orb.
     0 | D:1      | Reached XP level 1. HP: 13/13 MP: 3/3
   158 | D:1      | Gained mutation: Your movements are slightly less encumbered by armour (ER -2). [demonic ancestry]
   158 | D:1      | Reached XP level 2. HP: 16/19 MP: 0/5
   330 | D:1      | Reached skill level 2 in Conjurations
   993 | D:2      | Reached XP level 3. HP: 24/24 MP: 3/6
  1183 | D:2      | Noticed Jessica
  1189 | D:2      | Killed Jessica
  1189 | D:2      | Reached skill level 3 in Conjurations
  1206 | D:2      | Found a sacrificial altar of Ru.
  1215 | D:2      | Gained mutation: A weak demonic guardian rushes to your aid. [demonic ancestry]
  1215 | D:2      | Reached XP level 4. HP: 30/30 MP: 0/7
  1344 | D:2      | Learned a level 3 spell: Conjure Flame
  1547 | D:2      | Reached skill level 4 in Conjurations
  1681 | D:2      | Found a faded altar to an unknown god.
  1807 | D:3      | Reached XP level 5. HP: 22/35 MP: 1/9
  2399 | D:3      | Slain by an orc

Skill      XL: |  1  2  3  4 |
---------------+-------------+-----
Conjurations   | 2 3 4 |  4.5
Spellcasting   | 3 |  3.2
Dodging        | |  1.7
Stealth        | |  1.7
Fire Magic     | |  2.6

Action                   |  1- 3 |  4- 6 || total
-------------------------+-------+-------++-------
Melee: Unarmed           |    37 |       ||    37
       Dagger            |       |    12 ||    12
 Cast: Flame Tongue      |    44 |    91 ||   135
  Eat: Chunk             |     1 |     4 ||     5
Armor: Robe              |     6 |     8 ||    14
Dodge: Dodged            |    38 |    47 ||    85
